 Dungeon Crawl Stone Soup version 0.25.0-9-g26727b657a (webtiles) character file.

Game seed: 10205060243513596017

60 dorian the Ducker (level 3, 0/15 HPs)
             Began as a Felid Transmuter on June 19, 2020.
             Succumbed to an adder's poison
             ... on level 3 of the Dungeon.
             The game lasted 00:04:10 (2976 turns).

dorian the Ducker (Felid Transmuter)                Turns: 2976, Time: 00:04:11

Health: 0/15       AC:  1    Str:  6    XL:     3   Next: 80%
Magic:  3/7        EV: 19    Int: 14    God:
Gold:   51         SH:  0    Dex: 17    Spells: 3/6 levels left
                                        Lives:  0   Deaths: 1

rFire    . . .     SeeInvis +     - Unarmed
rCold    . . .     Gourm    .   (shield unavailable)
rNeg     . . .     Faith    .   (armour unavailable)
rPois    .         Spirit   .   (helmet unavailable)
rElec    .         Reflect  .   (cloak unavailable)
rCorr    .         Harm     .   (gloves unavailable)
MR       +....                  (boots unavailable)
Stlth    ++........             (no amulet)
HPRegen  0.05/turn              i - ring of protection from magic
MPRegen  0.10/turn              (no ring)

@: lethally poisoned (0 -> -14), appendage, quick
A: very small, no armour, no weapons or thrown items, stealth, claws 1, fangs 3,
horns 2, see invisible, carnivore, speed 1, shaggy fur 1, slow metabolism 1,
sharp paws
a: End Transformation


You were on level 3 of the Dungeon.
You were completely stuffed.
You had grown temporary horns.
You visited 1 branch of the dungeon, and saw 3 of its levels.

You collected 51 gold pieces.

Inventory:

Missiles
 a - 52 arrows
Jewellery
 i - a ring of protection from magic (left paw)
Scrolls
 b - 2 scrolls of fog {unknown}
 d - a scroll of teleportation {unknown}
 e - 2 scrolls of identify {unknown}
 h - a scroll of remove curse {unknown}
 j - a scroll of magic mapping {unknown}
Potions
 g - 2 potions of lignification {unknown}
 k - 2 potions of curing {unknown}
Comestibles
 c - 3 rations
 f - 3 chunks of flesh


   Skills:
 - Level 1.0 Fighting
 + Level 4.3 Dodging
 + Level 4.0 Unarmed Combat
 - Level 2.0 Spellcasting
 + Level 3.6 Transmutations


You had 3 spell levels left.
You knew the following spells:

 Your Spells              Type           Power        Failure   Level  Hunger
a - Beastly Appendage     Tmut           ##....       5%          1    ##.....
b - Sticks to Snakes      Tmut           ##......     9%          2    ###....

Your spell library contained the following spells:

 Spells                   Type           Power        Failure   Level  Hunger
 Spider Form              Tmut/Pois      #.........   34%         3    ####...
 Ice Form                 Ice/Tmut       #.......     75%         4    #####..
 Blade Hands              Tmut           ##........   83%         5    ######.


Dungeon Overview and Level Annotations

Branches:
Dungeon (3/15)

Altars:
Elyvilon
Hepliaklqana
Okawaru


Innate Abilities, Weirdness & Mutations

You cannot wear armour.
You are incapable of wielding weapons or throwing items.
Your paws allow you to move quietly. (Stealth)
You have sharp claws.
You have razor-sharp teeth.
You have supernaturally acute eyesight. (SInv)
You are carnivorous and can eat meat at any time.
You cover ground quickly.
You are covered in fur. (AC +1)
You have a slow metabolism.
Your sharp claws are effective at attacking unaware monsters.
You have a pair of horns on your head.


Message History

The adder is heavily wounded.
* * * LOW HITPOINT WARNING * * *
You feel sick.
Your ball python closely misses the adder.
Your ball python completely misses the adder.
Your adder misses the adder. The adder barely misses you.
You barely miss the adder.
The adder is heavily wounded.
* * * LOW HITPOINT WARNING * * *
You feel sick.
A jackal comes into view.
Your ball python misses the adder.
Your ball python grabs the adder.
Your ball python constricts the adder.
Your adder bites the adder.
The adder dies!
Your Unarmed Combat skill increases to level 4!
* * * LOW HITPOINT WARNING * * *
You feel sick.
Found 12 gold pieces.
Unknown command.
You die...

............
...........#
...........##
.............# .
.............#..
................
..............$.
........@...#
..h...S)....#
......S.....#
............#
............#
............#
............#
.............# #+#
..............##.#.#


You could see a jackal, a friendly adder and a friendly ball python.

Vanquished Creatures
  2 adders
  An ooze (D:2)
  5 leopard geckos
  6 bats
  2 giant cockroaches
  8 goblins
  7 hobgoblins
  4 jackals (D:1)
  7 kobolds
  3 ball pythons
  5 frilled lizards
  9 rats
59 creatures vanquished.

Vanquished Creatures (collateral kills)
  4 adders
  A giant cockroach (D:2)
  A hobgoblin (D:2)
  A kobold (D:3)
  A rat (D:2)
8 creatures vanquished.

Grand Total: 67 creatures vanquished

Notes
Turn   | Place    | Note
-------+----------+-------------------------------------------
     0 | D:1      | dorian the Felid Transmuter began the quest for the Orb.
     0 | D:1      | Reached XP level 1. HP: 9/9 MP: 4/4
   401 | D:1      | Reached XP level 2. HP: 12/12 MP: 4/6
   509 | D:1      | Found an iron altar of Okawaru.
  1111 | D:1      | Reached XP level 3. HP: 8/15 MP: 7/7
  1465 | D:2      | Learned a level 2 spell: Sticks to Snakes
  1954 | D:2      | Reached XP level 4. HP: 19/19 MP: 2/8
  2432 | D:2      | Found a hazy altar of Hepliaklqana.
  2903 | D:3      | Succumbed to an adder's poison
  2904 | D:3      | Reached XP level 3. HP: 0/15 MP: 7/7
  2908 | D:3      | Found a white marble altar of Elyvilon.
  2976 | D:3      | Succumbed to an adder's poison

Illustrated notes

Levels and vault maps discovered:
D:1:      dpeg_arrival_houses_and_road, layout_basic, okawaru_ov_weapons_minmay
D:2:      layout_rooms, lemuel_round_altar
D:3:      layout_basic, elyvilon_altar_5, makhleb_blood_cavern_becter,
          chequers_ecumenical_altar_simple_redux, minmay_between

Skill      XL: |  1  2  3 |
---------------+----------+-----
Dodging        | 3 4 |  4.3
Transmutations | 3 |  3.6
Unarmed Combat | 4 |  4.0
Fighting       | |  1.0
Spellcasting   | |  2.0

Action                   |  1- 3 |  4- 6 || total
-------------------------+-------+-------++-------
Melee: Unarmed           |   120 |    66 ||   186
       Headbutt          |    11 |     4 ||    15
       Bite              |    10 |     2 ||    12
 Cast: Beastly Appendage |    31 |    13 ||    44
       Sticks to Snakes  |     6 |     5 ||    11
  Use: Potion            |       |     1 ||     1
 Stab: Sleeping          |     4 |     2 ||     6
  Eat: Chunk             |    16 |     3 ||    19
Armor: Skin              |     5 |     5 ||    10
Dodge: Dodged            |    91 |    72 ||   163
